Map: Inferno Pools (Void)

Players

WujekStefan

  • Race: Zerg Zerg

Shamanas - Winner!

  • Race: Terran Terran

VOD

Have the link to the VOD?

Description

Time

  • Played on: May 1, 2015, 2:50 a.m.
  • Length: 14:31
Show
View Real Time Build Order
Export as new Build Order

WujekStefan Zerg 

Build Orders: Hatch First 

Get SALT Encoding   

  12  0:04  Drone  
  13  0:14  Overlord  
  13  0:17  Drone  
  14  0:33  Drone x2  
  16  0:36  Drone  
  17  0:58  Hatchery  
  17  1:01  Drone  
  17  1:05  Extractor  
  17  1:06  Drone  
  17  1:16  Spawning Pool  
  16  1:20  Drone  
  18  1:25  Drone  
  18  1:35  Drone  
  19  1:48  Overlord  
  19  2:05  Queen  
  19  2:06  Metabolic Boost  
  19  2:08  Zergling x4  
  23  2:11  Queen  
  23  2:14  Drone  
  26  2:17  Drone  
  27  2:38  Drone x4  
  31  2:46  Drone  
  31  2:47  Drone, Queen  
  35  3:04  Overlord  
  35  3:16  Overlord  
  35  3:17  Overlord  
  35  3:21  Lair  
  35  3:38  Drone x10  
  45  4:00  Extractor  
  44  4:02  Extractor  
  44  4:03  Extractor  
  44  4:07  Drone x4  
  44  4:08  Drone  
  44  4:09  Zergling x8  
  49  4:23  Spire  
  48  4:24  Drone  
  48  4:25  Drone x4  
  53  4:40  Drone x3  
  56  4:47  Queen  
  58  4:54  Overlord x3  
  58  4:59  Hatchery  
  57  5:28  Drone  
  57  5:29  Drone x10  
  57  5:31  Overlord  
  68  5:41  Zerg Flyer Weapons Level 1, Mutalisk  
  68  5:42  Mutalisk  
  72  5:48  Mutalisk x2  
  72  6:00  Infestation Pit  
  72  6:02  Mutalisk x4  
  79  6:07  Zergling x8  
  83  6:16  Overlord x3  
  74  6:48  Pathogen Glands  
  74  6:50  Drone x3  
  74  6:51  Drone x2  
  74  6:52  Extractor  
  74  6:54  Extractor  
  76  6:55  Drone x4  
  76  6:57  Roach Warren  
  76  6:58  Drone  
  76  6:59  Evolution Chamber, Drone x2, Queen  
  83  7:02  Evolution Chamber  
  82  7:19  Drone x5  
  87  7:44  Zerg Missile Weapons Level 1, Zerg Ground Armor Level 1  
  87  7:45  Hatchery, Glial Reconstitution  
  87  7:48  Drone x4, Overlord x3  
  87  7:49  Overlord x3  
  87  7:50  Drone  
  91  7:54  Mutalisk x5  
  91  7:55  Mutalisk x2  
  105  8:00  Hatchery  
  98  8:23  Overseer  
  97  8:27  Pneumatized Carapace  
  97  8:48  Zerg Flyer Weapons Level 2  
  97  8:50  Roach x15  
  97  8:51  Roach x2  
  131  9:07  Hive  
  129  9:20  Queen  
  130  9:31  Ravager x6  
  130  9:32  Ravager x2  
  130  9:33  Drone x3  
  130  9:36  Extractor  
  130  9:37  Extractor  
  127  9:56  Drone, Queen  
  127  9:57  Drone x2  
  131  10:14  Overlord x4  
  131  10:15  Roach  
  131  10:16  Roach x15  
  131  10:17  Roach  
  165  10:36  Zerg Ground Armor Level 2, Zerg Missile Weapons Level 2  
  145  11:08  Roach x16  
  145  11:09  Roach x3  
  150  11:40  Hydralisk Den  
  150  11:43  Spine Crawler  
  150  11:44  Spore Crawler  
  150  11:46  Spine Crawler  
  146  11:47  Spore Crawler  
  146  11:48  Queen  
  146  11:49  Spore Crawler  
  146  11:50  Spore Crawler  
  146  11:51  Spore Crawler  
  144  12:00  Hatchery  
  143  12:02  Baneling Nest  
  143  12:06  Hatchery  
  141  12:26  Extractor  
  141  12:28  Extractor  
  141  12:29  Hydralisk, Muscular Augments  
  139  12:30  Hydralisk x6  
  139  12:31  Hydralisk x8  
  139  12:32  Hydralisk  
  171  12:39  Overseer x3  
  171  12:42  Overlord  
  171  12:43  Overlord x2, Infestor x3  
  171  12:44  Infestor x3  
  183  12:52  Ultralisk Cavern  
  181  13:00  Spine Crawler  
  181  13:01  Drone  
  113  13:40  Roach x23  
  113  13:41  Roach x5  
  146  13:47  Roach x2  
  142  13:55  Ravager x4  
Show
View Real Time Build Order
Export as new Build Order

Shamanas Terran - Winner!

Build Orders: Reaper Expand 

Get SALT Encoding   

  12  0:01  SCV  
  13  0:13  SCV  
  14  0:18  Supply Depot  
  14  0:25  SCV  
  15  0:40  Barracks  
  15  0:44  Refinery  
  15  0:46  SCV  
  16  0:58  SCV  
  17  1:10  SCV  
  18  1:27  Orbital Command  
  18  1:28  Reaper  
  18  1:29  Supply Depot  
  19  1:52  SCV  
  20  1:59  Command Center  
  20  2:03  Reaper  
  20  2:05  SCV  
  22  2:17  SCV  
  23  2:22  Factory  
  23  2:24  Refinery  
  23  2:35  SCV  
  24  2:40  Reaper  
  25  2:45  Supply Depot  
  25  2:47  SCV  
  26  3:00  SCV  
  27  3:09  Command Center, Factory Tech Lab  
  27  3:12  SCV  
  27  3:14  Barracks Reactor  
  28  3:20  Orbital Command  
  28  3:32  SCV  
  29  3:35  Cyclone  
  32  3:44  SCV  
  32  3:45  SCV  
  34  3:50  Marine x2  
  36  3:56  SCV  
  36  3:57  SCV  
  36  3:59  Bunker  
  36  4:02  Supply Depot  
  38  4:08  SCV  
  40  4:10  SCV  
  39  4:19  Marine x2  
  39  4:20  SCV, Cyclone  
  39  4:22  SCV  
  45  4:24  Orbital Command  
  44  4:32  SCV  
  44  4:33  Starport  
  44  4:34  SCV, Armory  
  44  4:37  Marine  
  47  4:45  SCV, Supply Depot  
  47  4:47  SCV  
  48  4:54  SCV  
  48  4:55  Refinery x2  
  48  4:57  SCV  
  48  4:59  SCV  
  51  5:00  Factory  
  51  5:07  SCV  
  51  5:12  SCV x2  
  54  5:18  Supply Depot  
  54  5:19  Cyclone  
  57  5:28  Starport Tech Lab  
  57  5:31  SCV x2  
  57  5:32  Terran Vehicle and Ship Weapons Level 1  
  60  5:36  Missile Turret  
  59  5:43  SCV x2  
  61  5:55  SCV  
  61  5:56  SCV  
  63  5:57  Hellion x2  
  63  5:58  Banshee, Cyclone  
  63  6:00  Orbital Command  
  73  6:07  SCV  
  74  6:17  SCV, Missile Turret  
  75  6:23  Refinery  
  75  6:25  Refinery  
  75  6:26  SCV x2  
  75  6:31  Hellion  
  75  6:32  Hellion, Cyclone  
  84  6:46  Banshee  
  82  6:53  Missile Turret  
  79  6:54  Missile Turret  
  79  6:56  Missile Turret  
  79  6:59  Missile Turret  
  79  7:00  Missile Turret  
  79  7:01  Missile Turret  
  79  7:02  SCV x3, Missile Turret  
  79  7:06  Thor  
  79  7:07  Hellion x2  
  89  7:13  Starport  
  89  7:14  SCV x2  
  91  7:26  SCV x2  
  91  7:29  Supply Depot  
  93  7:30  Supply Depot  
  93  7:32  Supply Depot, SCV  
  93  7:51  Viking, Hellbat x2  
  99  7:54  Terran Vehicle and Ship Weapons Level 2, Starport Reactor  
  99  7:56  SCV  
  99  7:57  Missile Turret  
  100  8:00  Cloaking Field  
  100  8:07  SCV x2  
  100  8:13  Siege Tank  
  99  8:21  Missile Turret  
  99  8:22  Missile Turret  
  99  8:25  SCV x3  
  99  8:29  Viking  
  105  8:34  Hellion, Hellbat x2  
  105  8:37  SCV, Viking x2  
  110  8:44  Thor, Factory  
  110  8:45  Factory, Starport x2  
  116  9:02  Supply Depot  
  116  9:04  Supply Depot  
  116  9:05  Supply Depot  
  116  9:24  Viking x2, Hellbat x2  
  120  9:35  Command Center  
  119  9:39  Supply Depot x2  
  119  9:40  Supply Depot  
  119  9:43  Starport Tech Lab, Starport Reactor  
  118  9:48  Factory Tech Lab x2  
  118  9:49  Missile Turret  
  118  9:55  Supply Depot  
  118  9:56  Supply Depot  
  118  10:00  Thor  
  118  10:01  Hellbat x2  
  128  10:07  Thor x2  
  128  10:09  Missile Turret  
  138  10:27  Hellbat x2  
  138  10:28  Banshee x2, Viking  
  145  10:29  Viking, Missile Turret  
  150  10:37  Refinery, Missile Turret  
  150  10:40  Refinery  
  150  10:41  Missile Turret  
  147  10:43  Thor  
  123  11:07  Siege Tank x2  
  123  11:08  Hellion x2  
  123  11:11  Banshee x2  
  126  11:19  SCV x2  
  97  11:35  Hellion, Siege Tank, Hellbat  
  102  11:53  Banshee, Hellion x3  
  102  11:54  Banshee, Siege Tank x2  
  105  11:55  Viking x4  
  122  12:02  Missile Turret  
  122  12:15  Orbital Command  
  122  12:21  Siege Tank, Hellbat x2  
  129  12:26  Siege Tank  
  132  12:32  Orbital Command  
  132  12:36  Engineering Bay  
  132  12:37  SCV  
  132  12:38  SCV  
  134  12:45  SCV  
  134  12:50  SCV  
  134  12:53  Infernal Pre-Igniter  
  134  12:55  Banshee x2, Viking  
  134  12:56  Viking x3  
  144  13:02  SCV  
  144  13:03  SCV x3  
  148  13:07  Siege Tank, Hellbat x2  
  155  13:15  SCV x2  
  148  13:31  Siege Tank x2  
  148  13:32  Hellbat x2  
  151  13:37  Banshee  
  151  13:38  Banshee  
  151  13:40  Viking x3  
  143  13:56  Siege Tank, Hellbat x2  
  143  13:57  SCV x2  
  143  13:58  SCV x2  
  154  14:03  Fusion Core  
  154  14:09  SCV x2  
  156  14:23  Command Center  
  143  14:24  Missile Turret  
  143  14:26  Refinery  
  143  14:27  Missile Turret  
Tags
 
Add a new tag
Caveats
  • Supply blocks, unpowered buildings, or Contaminate may cause inaccurate times.
  • Supply counts are checked every 10 seconds.